 Dungeon Crawl Stone Soup version 0.29.1-1-gd02db6906a (webtiles) character file.

Game seed: 16210097929448599688

141322 groovy9 the Thaumaturge (level 17, -14/174 HPs)
             Began as a Djinni Conjurer on Sept 26, 2022.
             Was the Champion of Hepliaklqana.
             Demolished by a spark wasp (15 damage)
             ... on level 3 of the Spider Nest.
             The game lasted 02:16:51 (31378 turns).

groovy9 the Thaumaturge (Djinni Conjurer)          Turns: 31378, Time: 02:16:52

Health: -14/174    AC: 28    Str:  6    XL:     17   Next: 93%
Gold:   3374       EV:  2    Int: 27    God:    Hepliaklqana [******] SH:  0 Dex: 13

rFire   . . .      SeeInvis .   N - +8 mace "Aluippo" {antimagic, rN+ rCorr}
rCold   . . .      Faith    .   p - +2 buckler {rPois}
rNeg    + . .      Spirit   .   (body armour currently unavailable)
rPois   ∞          Reflect  .   (helmet currently unavailable)
rElec   .          Harm     .   (cloak currently unavailable)
rCorr   +          Rampage  .   (gloves currently unavailable)
Will    ++...      NoTele   +   (boots unavailable)
Stlth   +.........              (no amulet)
HPRegen 0.39/turn               W - ring of wizardry
MPRegen 0.00/turn               v - ring of willpower

@: confused, tree-form
A: stationary, stasis, torment immunity, boosted hp, reduced essence, sickness
immunity, (fire resistance 2), (cold vulnerability 1), float, innate caster, HP
casting, extra vitality 1
a: Renounce Religion, Recall Ancestor, Ancestor Identity, Transference, Idealise


You were on level 3 of the Spider Nest.
You worshipped Hepliaklqana.
Hepliaklqana was exalted by your worship.
You were a tree.
You visited 6 branches of the dungeon, and saw 27 of its levels.
You also visited: Gauntlet.

You collected 5084 gold pieces.
You spent 1710 gold pieces at shops.

Inventory:

Hand Weapons
 N - the +8 mace "Aluippo" (weapon) {antimagic, rN+ rCorr}
   (You found it in a Gauntlet)

   It reduces the magical energy of the wielder, and disrupts the spells and
   magical abilities of those it strikes.
   Natural abilities and divine invocations are not affected.
   rN:        It protects you from negative energy.
   rCorr:     It protects you from acid and corrosion.
Missiles
 e - 4 curare-tipped darts
 g - 5 datura-tipped darts
 C - 2 throwing nets
Armour
 j - a +2 hat of willpower (melded)
 p - a +2 buckler of poison resistance (worn)
 s - the +2 ring mail "Xaqyarea" (melded) {Regen+ Str+3 Stlth+}
   (You found it on level 11 of the Dungeon)

   Str:       It affects your strength (+3).
   Regen:     It increases your rate of health regeneration.
   Stlth:     It makes you more stealthy.
 F - a +2 cloak (melded)
 J - a +2 robe of the Archmagi
 K - the +2 pair of gloves of Claustrophobia (melded) {MP+9}
   (You found it in a Gauntlet)

   MP:        It affects your magic capacity (+9).
Jewellery
 v - a ring of willpower (right branch)
 S - a ring of see invisible
 W - a ring of wizardry (left branch)
Wands
 m - a wand of flame (38)
 u - a wand of acid (11)
 w - a wand of polymorph (28)
 D - a wand of mindburst (17)
 E - a wand of charming (17)
 H - a wand of iceblast (28)
Scrolls
 b - 8 scrolls of vulnerability
 d - 2 scrolls of magic mapping
 f - 3 scrolls of fear
 i - 4 scrolls of enchant weapon
 l - 4 scrolls of poison
 q - 5 scrolls of butterflies
 t - 12 scrolls of teleportation
 y - a scroll of torment
 A - 2 scrolls of summoning
 L - 2 scrolls of identify
 P - 2 scrolls of immolation
 R - 2 scrolls of brand weapon
 U - 2 scrolls of blinking
Potions
 a - 3 potions of berserk rage
 c - 14 potions of curing
 h - 5 potions of invisibility
 k - 2 potions of lignification
 n - a potion of ambrosia
 o - 10 potions of mutation
 r - 6 potions of cancellation
 x - 3 potions of might
 z - 5 potions of haste
 B - 2 potions of brilliance
 I - 3 potions of heal wounds
 Q - 3 potions of attraction
Miscellaneous
 G - a lightning rod (4/4)
 O - a tin of tremorstones (2/2)


   Skills:
 + Level 14.2 Fighting
 - Level 10.0 Armour
 - Level 10.0 Dodging
 - Level 1.5 Stealth
 - Level 10.0 Shields
 + Level 14.2 Spellcasting
 - Level 10.0 Invocations
 - Level 10.0 Evocations


You couldn't memorise any spells.
You knew the following spells:

 Your Spells              Type           Power      Damage    Failure   Level
a - Magic Dart            Conj           100%       1d8       0%          1
b - Searing Ray           Conj           100%       2d8       0%          2
c - Dazzling Flash        Conj/Hex       100%       N/A       1%          3
d - Fulminant Prism       Conj/Hex       38%        3d18      1%          4
e - Iskenderun's Mystic   Conj/Tloc      77%        2d15      1%          4
f - Freeze                Ice            100%       1d11      0%          1
g - Call Imp              Summ           77%        N/A       0%          2
h - Gell's Gravitas       Tloc           77%        N/A       1%          3
i - Ozocubu's Armour      Ice            77%        N/A       1%          3
j - Agony                 Necr           77%        N/A       1%          5
k - Lightning Bolt        Conj/Air       38%        1d57      1%          5
l - Iron Shot             Conj/Erth      38%        9d8       1%          6
m - Conjure Ball Lightni  Conj/Air       38%        3x3d12    1%          6
Your spell library was empty.

Dungeon Overview and Level Annotations

Branches:
Dungeon (15/15)            Temple (1/1) D:5            Lair (5/5) D:11
 Shoals (0/4) Lair:2       Spider (3/4) Lair:3        Slime (0/5) Lair:4
    Orc (2/2) D:9             Elf (1/3) Orc:2        Vaults (0/5) D:14
 Depths (0/4) D:15        Gauntlet (visited)

Altars:
Ashenzari
Cheibriados
Dithmenos
Elyvilon
Fedhas
Gozag
Hepliaklqana
Makhleb
Nemelex Xobeh
Okawaru
Qazlal
Ru
Trog
Uskayaw
Wu Jian
Xom
Yredelemnul
Zin
The Shining One
Jiyva
Lugonu

Shops:
D:3 (*?[[   D:12 *   Orc:1 [   Orc:2 (:*?

Portals:
Pandemonium: Orc:2


Innate Abilities, Weirdness & Mutations

You are a tree.
Your roots penetrate the ground, keeping you stationary.
You cannot be teleported.
You are immune to unholy pain and torment.
Your maximum health is greatly increased.
Your equipment is partially melded.
Your life essence is reduced to manifest your ancestor. (-10% HP)
You are immune to sickness and miasma.
You are immune to poison.
((Your flesh is very heat resistant. (rF++)))
((You are vulnerable to cold. (rC-)))
You float through the air rather than walking.
You learn spells naturally, not from books.
Your magical power is your life essence.
You have superior vitality. (+4 MHP)


Message History

A jumping spider comes into view.
You block the tarantella's attack.
The wolf spider's wounds heal themselves!
The culicivora bites you but does no damage.
The culicivora barely misses you. You block the spark wasp's attack.
The wolf spider hits Wigmund.
Wigmund blocks the wolf spider's attack.
The entropy weaver casts a spell at you.
The tarantella touches you.
A jumping spider comes into view.
Wigmund hits the wolf spider with a +0 broad axe of flaming!
Wigmund burns the wolf spider.
Wigmund hits the tarantella with a +0 broad axe of flaming.
Wigmund burns the tarantella.
Wigmund hits the culicivora with a +0 broad axe of flaming.
Wigmund burns the culicivora.
The culicivora barely misses you. The spark wasp stings you!
The spark wasp shocks you!
* * * LOW HITPOINT WARNING * * *
The culicivora bites you!
* * * LOW HITPOINT WARNING * * *
The jumping spider moves out of view.
Okay, then.
Okay, then.
Okay, then.
Really quaff the potion of lignification?
You turn into a tree.
Your +2 cloak melds into your body.
Your +2 hat of willpower melds into your body.
The +2 pair of gloves of Claustrophobia {MP+9} melds into your body.
The +2 ring mail "Xaqyarea" {Regen+ Str+3 Stlth+} melds into your body.
You feel less strong-willed.
Your roots penetrate the ground.
You feel yourself speed up.
The wolf spider hits Wigmund!
The wolf spider barely misses Wigmund.
The tarantella touches you.
* * * LOW HITPOINT WARNING * * *
You are confused.
The culicivora bites you but does no damage. x2
The spark wasp stings you!!
* * * LOW HITPOINT WARNING * * *
The spark wasp shocks you!
You die...

## #####......... #.^^
#............. #..^
#..^.......... #...
#.............
####^..#####>......†....#
............^............
^...................#....
.^..†...y.#..............
...#...s♣................
...s.†Rsss........^......
.#.s.s††..^^#......^.....
.....w.#.!...............
....B...................(
...s.....................
..........^..............
...............#.#......#
...#.....................


You could see the friendly Wigmund the knight (slow), an entropy weaver, a spark
wasp, a torpor snail, 2 wolf spiders, 3 culicivoras, 2 jumping spiders and a
tarantella.

Vanquished Creatures
  Arachne (Spider:2)
  Rupert (D:15)
  Frances (Spider:2)
  An iron dragon (D:13)
  A dire elephant (Lair:5)
  The ghost of Chadd the Cleaver, a journeyman MiBe of Trog (D:12)
  2 spark wasps (Spider:3)
  An ettin (Orc:2)
  A rakshasa (D:13)
  Fannar (D:12)
  4 boulder beetles
  A jorogumo (Spider:2)
  3 centaur warriors
  4 hydras
  A radroach (Spider:2)
  A ghost crab (Spider:1)
  A two-headed ogre (D:10)
  A catoblepas (D:13)
  A death knight (D:15)
  2 death yaks (Lair:5)
  3 tengu warriors
  3 orc high priests (Orc:2)
  A soul eater (Orc:2)
  A deep elf knight (Elf:1)
  A skeletal warrior (D:15)
  2 pharaoh ants
  A deep troll (Lair:2)
  A sixfirhy (Orc:2)
  3 steelbarb worms
  5 orb spiders
  A deep elf archer (Elf:1)
  The ghost of Braxton the Trooper, a novice MiFi of Ru (D:7)
  Pikel (D:6)
  2 phantasmal warriors (D:15)
  A lindwurm (Lair:5)
  A wizard (D:14)
  4 deep elf pyromancers
  5 orc knights
  4 deep elf zephyrmancers (Elf:1)
  The ghost of lambentLogic the Covert, a novice KoEn of Hepliaklqana (D:5)
  4 wolf spiders
  A wolf spider (shapeshifter) (D:15)
  3 orc sorcerers (Orc:2)
  9 ugly things
  2 cyclopes
  2 manticores
  A moth of wrath (Spider:2)
  5 elephants
  2 merfolk sirens (Lair:2)
  2 gargoyles
  2 black mambas
  A torpor snail (Lair:1)
  Maurice (D:13)
  11 cane toads
  3 rime drakes
  An unseen horror (D:13)
  4 demonic crawlers (Spider:1)
  2 kobold demonologists
  An efreet (D:14)
  7 komodo dragons
  A tengu conjurer (D:13)
  A red devil (Orc:2)
  A hellwing (Orc:2)
  A polar bear (Lair:4)
  A troll (D:9)
  2 tyrant leeches (Spider:1)
  15 blink frogs
  14 tarantellas
  3 hornets
  2 dream sheep (Lair:5)
  A large abomination (Gauntlet)
  7 culicivoras
  13 jumping spiders
  A centaur simulacrum (D:15)
  2 vampires
  2 wraiths
  A shadow (D:9)
  27 yaks
  2 wyverns
  12 vampire mosquitoes
  22 redbacks
  A steam dragon (D:7)
  9 basilisks
  An acid dragon (D:10)
  8 water moccasins
  18 orc warriors
  4 black bears
  An ice beast (D:5)
  10 ogres
  5 wolves
  4 centaurs
  2 phantoms
  3 lemures
  8 kobold brigands
  7 bullfrogs
  5 gnoll sergeants
  3 scorpions
  2 necrophages
  3 small abominations (Gauntlet)
  13 killer bees
  4 electric eels
  10 howler monkeys
  4 jellies
  21 orc priests
  9 hounds
  14 orc wizards
  8 gnolls
  10 adders
  3 white imps
  2 ufetubi
  3 dart slugs
  3 worms
  58 orcs
  9 endoplasms
  5 giant cockroaches
  7 goblins
  2 hobgoblins
  6 jackals
  32 kobolds
  4 quokkas
  5 ball pythons
  3 bats
  A frilled lizard (D:3)
  5 rats
602 creatures vanquished.

Vanquished Creatures (collateral kills)
  2 broodmothers
  A minotaur (Gauntlet)
  Josephine (D:11)
  Erolcha (D:11)
  4 hydras
  An ogre mage (D:14)
  3 demonspawn (Orc:2)
  A boulder beetle (Lair:5)
  A two-headed ogre (Orc:1)
  A centaur warrior (D:13)
  The ghost of xian the Frost Mage, a journeyman MfIE of Nemelex Xobeh (D:11)
  A tengu warrior (D:15)
  A death yak (Lair:5)
  6 orc high priests (Orc:2)
  A deep elf knight (D:14)
  A pharaoh ant (Spider:1)
  An orb spider (Spider:3)
  2 lindwurms
  An orc knight (Orc:2)
  An obsidian statue (D:12)
  A necromancer (Gauntlet)
  An orange crystal statue (Gauntlet)
  9 ugly things
  2 manticores
  4 wolf spiders
  A cyclops (Orc:2)
  2 moths of wrath (Spider:1)
  2 elephants (Lair:4)
  4 cane toads
  A torpor snail (Lair:5)
  2 black mambas
  2 gargoyles
  2 kobold demonologists
  2 rime drakes
  2 komodo dragons (Lair:1)
  3 tengu conjurers
  A troll (Orc:1)
  A red devil (Orc:2)
  An ice devil (Orc:2)
  A large abomination (Gauntlet)
  3 merfolk
  A meliai (Lair:3)
  A polar bear (Lair:5)
  2 tyrant leeches (Spider:1)
  4 tarantellas
  5 blink frogs
  4 slime creatures
  A jumping spider (Spider:2)
  3 culicivoras
  4 wyverns
  6 wraiths
  4 basilisks
  20 yaks
  6 vampire mosquitoes
  6 redbacks
  A redback (shapeshifter) (D:14)
  An acid dragon (D:9)
  6 water moccasins
  14 orc warriors
  A meliai simulacrum (D:15)
  An ice beast (D:8)
  A black bear (D:6)
  A sky beast (D:8)
  2 wolves
  2 ogres
  6 bullfrogs
  5 kobold brigands
  2 gnoll sergeants
  7 killer bees
  2 electric eels (D:13)
  2 howler monkeys
  A hound (D:6)
  An iron imp (D:11)
  10 orc priests (Orc:2)
  7 orc wizards
  4 gnolls
  21 orcs
  2 kobolds
  2 butterflies (Lair:5)
248 creatures vanquished.

Vanquished Creatures (others)
  A culicivora (Spider:3)
  A swamp drake (D:11)
  A human (D:7)
  An ancestor (D:7)
  15 knights
  3 ball lightnings (Elf:1)
  14 demonic plants (Gauntlet)
  16 fungi
  18 plants
  4 withered plants (D:15)
74 creatures vanquished.

Grand Total: 924 creatures vanquished

Notes
Turn   | Place    | Note
-------+----------+-------------------------------------------
     0 | D:1      | groovy9 the Djinni Conjurer began the quest for the Orb.
     0 | D:1      | groovy9 set off with the following spells memorised: Magic
                  | Dart, Searing Ray, Dazzling Flash, Fulminant Prism,
                  | Iskenderun's Mystic Blast.
     0 | D:1      | Reached XP level 1. HP: 15/15 MP: 0/0
   315 | D:1      | Reached XP level 2. HP: 19/21 MP: 0/0
   981 | D:1      | Reached XP level 3. HP: 21/25 MP: 0/0
   981 | D:1      | Learned a level 1 spell: Freeze
  1632 | D:2      | Reached XP level 4. HP: 18/31 MP: 0/0
  2445 | D:3      | Found Bemikkis's Weapon Shoppe.
  2535 | D:3      | Found Oppoesmiat's Magic Scroll Shop.
  2558 | D:3      | Found Disypor's Assorted Antiques.
  2636 | D:3      | Bought 2 scrolls labelled ACAQYX XO ROLA for 36 gold pieces
  2636 | D:3      | Bought a black potion for 16 gold pieces
  2636 | D:3      | Bought a murky green potion for 16 gold pieces
  2859 | D:3      | Reached XP level 5. HP: 31/35 MP: 0/0
  2859 | D:3      | Learned a level 2 spell: Call Imp
  2913 | D:3      | Found Teratoj's Armour Shoppe.
  2991 | D:3      | Found Qonym's Antique Armour Emporium.
  3600 | D:4      | Identified a scroll of acquirement
  3600 | D:4      | Acquired 1118 gold pieces
  3617 | D:3      | Bought a faintly humming scale mail for 234 gold pieces
  3617 | D:3      | Identified the +2 scale mail "Fidotecw" {Dex+2 SInv} (You
                  | bought it in a shop on level 3 of the Dungeon)
  3617 | D:3      | Bought a warped scale mail for 234 gold pieces
  3617 | D:3      | Identified the +3 scale mail "Ogeomues" {Harm rPois Str+3
                  | Dex-3} (You bought it in a shop on level 3 of the Dungeon)
  3630 | D:3      | Bought a +0 hat of willpower for 121 gold pieces
  3717 | D:4      | Reached skill level 5 in Spellcasting
  3729 | D:4      | Noticed an ogre
  3887 | D:4      | Killed an ogre
  3888 | D:4      | Reached XP level 6. HP: 30/40 MP: 0/0
  4428 | D:4      | Reached XP level 7. HP: 26/45 MP: 0/0
  4428 | D:4      | Learned a level 3 spell: Gell's Gravitas
  5005 | D:5      | Entered Level 5 of the Dungeon
  5236 | D:5      | Found a runed translucent gate.
  5236 | D:5      | Noticed lambentLogic's ghost (novice KoEn)
  5237 | D:5      | Found a runed translucent gate.
  5238 | D:5      | Found a runed translucent gate.
  5248 | D:5      | Identified the +6 mace of Kizxotur {elec, Str+2}
  5248 | D:5      | Identified the +3 chain mail of Hiat {Str+4 Int+2}
  5256 | D:5      | Found a staircase to the Ecumenical Temple.
  5282 | Temple   | Entered the Ecumenical Temple
  5377 | Temple   | Became a worshipper of Hepliaklqana the Forgotten
  5722 | D:5      | Reached XP level 8. HP: 28/50 MP: 0/0
  6027 | D:5      | Found a sparkling altar of Nemelex Xobeh.
  6941 | D:5      | Reached skill level 1 in Fighting
  6954 | D:5      | Reached XP level 9. HP: 13/60 MP: 0/0
  6954 | D:5      | Learned a level 3 spell: Ozocubu's Armour
  7827 | D:5      | Killed lambentLogic's ghost
  7828 | D:5      | Reached skill level 5 in Fighting
  8105 | D:6      | Reached * piety under Hepliaklqana
  8541 | D:6      | Noticed Pikel
  8799 | D:6      | Killed Pikel
  8800 | D:6      | Reached XP level 10. HP: 31/65 MP: 0/0
  9180 | D:6      | Found an iron altar of Okawaru.
  9446 | D:7      | Found a large runed translucent door.
  9446 | D:7      | Found a large runed translucent door.
  9448 | D:7      | Noticed Braxton's ghost (novice MiFi)
  9955 | D:7      | Found a glowing golden altar of the Shining One.
 10499 | D:7      | Killed Braxton's ghost
 10500 | D:7      | Reached skill level 10 in Spellcasting
 11578 | D:8      | Reached ** piety under Hepliaklqana
 11579 | D:8      | Remembered your ancestor Wigmund as a knight
 11691 | D:8      | Reached XP level 11. HP: 56/73 MP: 0/0
 11691 | D:8      | Learned a level 5 spell: Agony
 12245 | D:9      | Found a staircase to the Orcish Mines.
 12547 | D:9      | Reached skill level 10 in Fighting
 13052 | D:10     | Entered Level 10 of the Dungeon
 13120 | D:10     | Noticed a two-headed ogre
 13130 | D:10     | Killed a two-headed ogre
 13131 | D:10     | Reached skill level 1 in Shields
 13581 | D:10     | Reached *** piety under Hepliaklqana
 13769 | D:10     | Found a basalt altar of Yredelemnul.
 13775 | D:10     | Found a glowing silver altar of Zin.
 13776 | D:10     | Found a shimmering altar of Xom.
 13778 | D:10     | Found a broken altar of Ashenzari.
 13779 | D:10     | Found a white marble altar of Elyvilon.
 13781 | D:10     | Found a bloodstained altar of Trog.
 13785 | D:10     | Found a burning altar of Makhleb.
 14336 | D:11     | Noticed Erolcha
 14336 | D:11     | Noticed a manticore
 14345 | D:11     | Killed Erolcha
 14346 | D:11     | Reached skill level 5 in Dodging
 14539 | D:11     | Killed a manticore
 14540 | D:11     | Reached XP level 12. HP: 79/81 MP: 0/0
 14620 | D:11     | Noticed Josephine
 14628 | D:11     | Killed Josephine
 14629 | D:11     | Reached skill level 5 in Shields
 14683 | D:11     | Found a snail-covered altar of Cheibriados.
 14862 | D:11     | Found a transporter.
 14862 | D:11     | Noticed xian's ghost (journeyman MfIE)
 14864 | D:11     | Found a transporter.
 15789 | D:11     | Reached **** piety under Hepliaklqana
 16368 | D:11     | Found a staircase to the Lair.
 16563 | D:11     | Killed xian's ghost
 16758 | D:11     | Identified the +2 ring mail "Xaqyarea" {Regen+ Str+3
                  | Stlth+}
 16884 | Lair:1   | Entered Level 1 of the Lair of Beasts
 17248 | Lair:1   | Reached XP level 13. HP: 85/86 MP: 0/0
 17248 | Lair:1   | Learned a level 5 spell: Lightning Bolt
 17894 | Lair:2   | Reached skill level 1 in Armour
 18026 | Lair:2   | Noticed a seven-headed hydra
 18032 | Lair:2   | Killed a seven-headed hydra
 18068 | Lair:2   | Reached skill level 5 in Armour
 18130 | Lair:2   | Noticed a six-headed hydra
 18137 | Lair:2   | Killed a six-headed hydra
 18225 | Lair:2   | Found a gate leading to a gauntlet.
 18241 | Lair:2   | Reached ***** piety under Hepliaklqana
 18246 | Gauntlet | Entered a Gauntlet
 18246 | Gauntlet | Found a transporter.
 18246 | Gauntlet | Found a transporter.
 18248 | Gauntlet | Found a transporter.
 18251 | Gauntlet | Found a transporter.
 18265 | Gauntlet | Found a transporter.
 18285 | Gauntlet | Found a transporter.
 18285 | Gauntlet | Found a transporter.
 18286 | Gauntlet | Found a transporter.
 18300 | Gauntlet | Found a transporter.
 18313 | Gauntlet | Found a transporter.
 18320 | Gauntlet | Noticed a cacodemon
 18322 | Gauntlet | Found a transporter.
 18326 | Gauntlet | Found a runed translucent door.
 18340 | Gauntlet | Found a transporter.
 18358 | Gauntlet | Found a transporter.
 18374 | Gauntlet | Found a transporter.
 18417 | Gauntlet | Identified the +1 helmet "Lollo" {Will+ Str+4 Int-2}
 18523 | Gauntlet | Identified the +2 pair of gloves of Claustrophobia {MP+9}
 18565 | Gauntlet | Identified the amulet "Taj Cybi" {Reflect -Cast Will+ rCorr
                  | SH+5}
 18574 | Gauntlet | Identified the +3 ring mail "Xinyoxe" {Fly SInv}
 18574 | Gauntlet | Noticed a minotaur
 18584 | Gauntlet | Killed a minotaur
 18624 | Gauntlet | Identified the +8 mace "Aluippo" {antimagic, rN+ rCorr}
 18624 | Gauntlet | Identified the +8 quarterstaff of Premature Burial {flame,
                  | Will+}
 18864 | Lair:2   | Found a staircase to the Shoals.
 19621 | Lair:3   | Found a hole to the Spider Nest.
 19989 | Lair:4   | Reached XP level 14. HP: 51/92 MP: 0/0
 20118 | Lair:4   | Found a staircase to the Slime Pits.
 20118 | Lair:4   | Found a viscous altar of Jiyva.
 20250 | Lair:4   | Reached skill level 10 in Armour
 20466 | Lair:4   | Reached skill level 10 in Dodging
 20817 | Lair:5   | Entered Level 5 of the Lair of Beasts
 21026 | Lair:5   | Reached skill level 10 in Shields
 21091 | Lair:5   | Reached skill level 1 in Invocations
 21289 | Lair:5   | Reached ****** piety under Hepliaklqana
 21614 | Lair:5   | Reached skill level 5 in Invocations
 21696 | Lair:5   | Noticed a dire elephant
 21871 | Lair:5   | Killed a dire elephant
 22012 | Lair:5   | Reached XP level 15. HP: 78/96 MP: 0/0
 22012 | Lair:5   | Learned a level 6 spell: Iron Shot
 22287 | Orc:1    | Entered Level 1 of the Orcish Mines
 22449 | Orc:1    | Found Atergh's Armour Shoppe.
 22817 | Orc:2    | Entered Level 2 of the Orcish Mines
 22817 | Orc:2    | Found a staircase to the Elven Halls.
 23251 | Orc:2    | Found Aguadoi's General Store.
 23455 | Orc:2    | Found Gacleg's Magic Scroll Emporium.
 23544 | Orc:2    | Bought a scroll of acquirement for 728 gold pieces
 23544 | Orc:2    | Bought a scroll of teleportation for 42 gold pieces
 23544 | Orc:2    | Acquired 803 gold pieces
 23811 | Orc:2    | Reached skill level 10 in Invocations
 24125 | Orc:2    | Found Qant's Antique Weapon Shop.
 24125 | Orc:2    | Found Haosus's Book Boutique.
 24130 | Orc:2    | Found a one-way gate leading to the halls of Pandemonium.
 24305 | D:12     | Noticed Fannar
 24308 | D:12     | Killed Fannar
 24615 | D:12     | Found a runed translucent gate.
 24615 | D:12     | Found a runed translucent gate.
 24615 | D:12     | Found a runed translucent gate.
 24616 | D:12     | Found an opulent altar of Gozag.
 24616 | D:12     | Noticed Chadd's ghost (journeyman MiBe)
 24630 | D:12     | Found Ijopufou's Assorted Antiques.
 24846 | D:12     | Killed Chadd's ghost
 24886 | D:12     | Reached XP level 16. HP: 90/106 MP: 0/0
 24887 | D:12     | Bought a scroll of teleportation for 81 gold pieces
 24887 | D:12     | Bought a scroll of blinking for 202 gold pieces
 24998 | D:13     | Noticed an iron dragon
 25004 | D:13     | Killed an iron dragon
 25288 | D:13     | Noticed Maurice
 25294 | D:13     | Killed Maurice
 25316 | D:13     | Found the +10 dark maul {vorpal}
 27396 | D:14     | Found a gate to the Vaults.
 27431 | D:15     | Entered Level 15 of the Dungeon
 27539 | D:15     | Noticed Rupert
 27548 | D:15     | Killed Rupert
 27935 | D:15     | Reached skill level 1 in Evocations
 28127 | D:15     | Found a staircase to the Depths.
 28577 | Elf:1    | Entered Level 1 of the Elven Halls
 28581 | Elf:1    | Reached XP level 17. HP: 102/115 MP: 0/0
 28581 | Elf:1    | Learned a level 6 spell: Conjure Ball Lightning
 28925 | Spider:1 | Entered Level 1 of the Spider Nest
 28964 | Spider:1 | Reached skill level 5 in Evocations
 30195 | Spider:2 | Noticed Frances
 30206 | Spider:2 | Killed Frances
 30306 | Spider:2 | Identified the +6 ring mail of the Circus Animal {Str+4
                  | Dex+3}
 30610 | Spider:2 | Noticed Arachne
 30618 | Spider:2 | Killed Arachne
 30986 | Spider:3 | Reached skill level 10 in Evocations
 31123 | Spider:3 | Identified the +4 ring mail of Grim Miracles {Dex+5}
 31378 | Spider:3 | HP: 1/174 [spark wasp (18)]
 31378 | Spider:3 | Demolished by a spark wasp

Illustrated notes

Levels and vault maps discovered:
D:1:      dpeg_arrival_chambers_temple_mockup, layout_basic,
          serial_bayou_lagoon_a
D:2:      layout_rooms
D:3:      layout_basic, serial_shops, nicolae_shop_stone, nicolae_shop_trees,
          shop, shop_fountains, shop
D:4:      layout_cave_pools
D:5:      minmay_chambers_of_threes, layout_gridville,
          nemelex_dance_club_becter, temple_doors_e, biasface_ghost_orc_armoury
D:6:      layout_gridville, okawaru_metal_pillars_1_2, minivault_24,
          nicolae_fountain_basement, uniq_pikel
D:7:      layout_basic, tgw_kikubaaqudgha, vehumet_altar_wand_db,
          tso_oasis_becter, ebering_ghost_disaster_area
D:8:      layout_basic, nrook_pool_corridor, lemuel_flamethrower_1
D:9:      layout_irregular_city, kennysheep_orc_monster_closet_entryway
D:10:     layout_stronghold, nicolae_overflow_hallway_of_the_gods
D:11:     layout_long_grid, erik_lair_dragon, gammafunk_ghost_arena,
          slow_altar_1, uniq_erolcha, uniq_josephine
D:12:     layout_rooms, ebering_ghost_gozag, kennysheep_generic_room_11,
          uniq_fannar
D:13:     minmay_roctagon, layout_basic, kennysheep_generic_room_3, uniq_maurice
D:14:     layout_big_octagon, hangedman_vaults_entry_quadrant_bands,
          minmay_misc_feat_square
D:15:     hangedman_depths_entry_try_elsewhere_first, layout_long_grid,
          kiku_gazebo_garden_becter, uniq_rupert
Temple:   kb_corrupted_temple
Lair:1:   layout_loops_ring, grunt_megastairs_4
Lair:2:   dreamdust_cave_troll, layout_chaotic_city, elwin_shoals_entry_stream,
          gauntlet_entry_generic, serial_bayou_shore_b
Lair:3:   layout_gridlike, hellmonk_spider_entry_not_the_bees,
          chequers_serial_rivers_micro_a
Lair:4:   layout_big_grid, minmay_slime_entry_pillars, grunt_megastairs_1
Lair:5:   hangedman_lair_in_review, layout_regular_city, lemuel_fruit_fields
Spider:1: layout_spider_delve, nicolae_spider_swamp_cousins
Spider:2: layout_spider_delve, nicolae_spider_cling_halls, uniq_frances,
          uniq_arachne
Spider:3: cheibrodos_spider_deadly_dance, drop_trap, nicolae_spider_bug_shape,
          uniq_agnes
Orc:1:    layout_diamond_mine, serial_shops, nicolae_shop_hallway_stairs
Orc:2:    pf_orc_diabolical, layout_diamond_mine
Elf:1:    eino_elf_arrival_sip, layout_loops_cross, minivault_28

Skill      XL: |  1  2  3  4  5  6  7  8  9 10 11 12 13 14 15 16 17 |
---------------+----------------------------------------------------+-----
Spellcasting   | 4 5 6 7 8 9 10 11 12 14 | 14.2
Fighting       | 3 6 8 10 11 13 14 | 14.2
Dodging        | 5 8 10 | 10.0
Shields        | 4 7 10 | 10.0
Armour         | 9 10 | 10.0
Invocations    | 7 10 | 10.0
Evocations     | 2 10 | 10.0
Stealth        | |  1.5

Action                   |  1- 3 |  4- 6 |  7- 9 | 10-12 | 13-15 | 16-18 || total
-------------------------+-------+-------+-------+-------+-------+-------++-------
 Cast: Magic Dart        |    49 |    69 |    42 |    99 |   136 |    35 ||   430
       Searing Ray       |     3 |    19 |    47 |   132 |   268 |    92 ||   561
       Call Imp          |       |     2 |       |       |       |       ||     2
       Iskenderun's Myst |       |       |    22 |    23 |    99 |    83 ||   227
       Ozocubu's Armour  |       |       |     1 |       |       |     1 ||     2
       Gell's Gravitas   |       |       |       |     1 |       |       ||     1
       Lightning Bolt    |       |       |       |       |    41 |    65 ||   106
       Iron Shot         |       |       |       |       |       |   113 ||   113
       Conjure Ball Ligh |       |       |       |       |       |     1 ||     1
Invok: Recall Ancestor   |       |       |     3 |     6 |     5 |     8 ||    22
       Ancestor Life: Kn |       |       |       |     1 |       |       ||     1
       Idealise          |       |       |       |       |     6 |     3 ||     9
  Use: Scroll            |       |     9 |     9 |     8 |     7 |     2 ||    35
       Potion            |       |       |     3 |     3 |     1 |     7 ||    14
Armor: Robe              |       |     2 |     8 |     6 |       |       ||    16
       Acid dragon scale |       |       |       |     5 |       |       ||     5
       Ring mail         |       |       |       |     2 |    38 |    24 ||    64
       Skin              |       |       |       |       |       |     2 ||     2
Dodge: Dodged            |     3 |     1 |    39 |    28 |    97 |    43 ||   211
Block: Buckler           |       |       |       |    12 |    67 |    35 ||   114
